 Dungeon Crawl Stone Soup version 0.29-a0-700-g2f1814c7b2 (webtiles) character file.

Game seed: 7260466161419153443

26936 marklar909 the Basher (level 13, -4/109 HPs)
             Began as a Palentonga Abyssal Knight on June 23, 2022.
             Was an Elder of Lugonu.
             Killed from afar by an ice dragon (46 damage)
             ... with a blast of cold
             ... on level 4 of the Lair of Beasts on June 25, 2022.
             The game lasted 00:52:14 (19301 turns).

marklar909 the Basher (Palentonga Abyssal Knight)  Turns: 19301, Time: 00:52:15

Health: -4/109     AC: 31    Str: 19    XL:     13   Next: 1%
Magic:  20/20      EV: 16    Int: 14    God:    Lugonu [****..]
Gold:   621        SH:  5    Dex: 13    Spells: 4/12 levels left

rFire   . . .      SeeInvis +   f - +2 morningstar (protect)
rCold   . . .      Faith    .   e - +0 buckler {rPois}
rNeg    . . .      Spirit   .   w - +0 steam dragon scales
rPois   +          Reflect  .   G - +0 helmet {Int+3}
rElec   .          Harm     .   H - +2 cloak {rCorr}
rCorr   +          Rampage  .   F - +1 pair of gloves
Will    .....                   (no barding)
Stlth   ++........              (no amulet)
HPRegen 0.28/turn               r - +4 ring of protection
MPRegen 0.17/turn               B - +4 ring of evasion

@: mighty, under a protective aura, studying Shields, curled up
A: large, rugged brown scales 3, see invisible, deformed body, roll 1, armoured
tail, reflexive curl
a: Rolling Charge, Renounce Religion, Depart the Abyss, Bend Space, Banish,
Corrupt


You were on level 4 of the Lair of Beasts.
You worshipped Lugonu.
Lugonu was greatly pleased with you.
You visited 2 branches of the dungeon, and saw 14 of its levels.
You visited the Abyss 1 time.

You collected 808 gold pieces.
You spent 187 gold pieces at shops.

Inventory:

Hand Weapons
 f - a +2 morningstar of protection (weapon)
Missiles
 A - a throwing net
Armour
 e - a +0 buckler of poison resistance (worn)
 w - +0 steam dragon scales (worn)
 F - a +1 pair of gloves (worn)
 G - a +0 helmet of intelligence (worn)
 H - a +2 cloak of preservation (worn)
 L - a +2 buckler of protection
 Q - the +3 tower shield of Dogmatism {Will+ Int+3 Slay-3 Stlth+}
   (You found it on level 3 of the Lair of Beasts)

   Int:       It affects your intelligence (+3).
   Slay:      It affects your accuracy & damage with ranged weapons and melee
   (-3).
   Will:      It increases your willpower.
   Stlth:     It makes you more stealthy.
Jewellery
 k - an amulet of magic regeneration
 r - a +4 ring of protection (left hand)
 B - a +4 ring of evasion (right hand)
 I - a ring of magical power
Wands
 q - a wand of digging (6)
 v - a wand of mindburst (19)
 y - a wand of iceblast (10)
 C - a wand of paralysis (14)
 O - a wand of polymorph (7)
 P - a wand of quicksilver (4)
 R - a wand of flame (9)
Scrolls
 i - 3 scrolls of fear
 j - 2 scrolls of magic mapping
 o - 3 scrolls of teleportation
 x - 2 scrolls of fog
 D - 2 scrolls of summoning
 N - 2 scrolls of poison
Potions
 a - 2 potions of invisibility
 b - 4 potions of ambrosia
 c - 3 potions of lignification
 d - 3 potions of mutation
 g - 2 potions of resistance {unknown}
 h - 10 potions of curing
 l - 2 potions of heal wounds
 m - a potion of brilliance {unknown}
 n - a potion of magic {unknown}
 p - 2 potions of flight
 s - a potion of haste
 t - 4 potions of attraction
 u - a potion of berserk rage
 z - 3 potions of might
 E - 3 potions of degeneration {unknown}
 M - a potion of cancellation {unknown}


   Skills:
 + Level 9.7 Fighting
 + Level 13.6 Maces & Flails
 + Level 4.7 Armour
 + Level 6.7 Dodging
 + Level 3.6 Stealth
 + Level 6.4 Shields
 + Level 10.2 Invocations
 + Level 1.2 Evocations


You had 4 spell levels left.
You knew the following spells:

 Your Spells              Type           Power      Damage    Failure   Level
a - Apportation           Tloc           0%         N/A       34%         1
b - Necrotize             Necr           0%         1d4       34%         1
c - Confusing Touch       Hex            0%         N/A       71%         3
d - Tukima's Dance        Hex            0%         N/A       71%         3

Your spell library contained the following spells:

 Spells                   Type           Power      Damage    Failure   Level
 Foxfire                  Conj/Fire      0%         2x1d4     34%         1
 Freeze                   Ice            0%         1d3       34%         1
 Summon Small Mammal      Summ           0%         N/A       34%         1
 Conjure Flame            Conj/Fire      0%         6-21      71%         3
 Dazzling Flash           Conj/Hex       0%         N/A       71%         3
 Frozen Ramparts          Ice            0%         1d2       71%         3
 Gell's Gravitas          Tloc           0%         N/A       71%         3
 Inner Flame              Hex/Fire       0%         N/A       71%         3
 Portal Projectile        Hex/Tloc       0%         N/A       71%         3
 Teleport Other           Tloc           0%         N/A       71%         3
 Animate Dead             Necr           0%         N/A       98%         4
 Flame Wave               Conj/Fire      0%         2d4       98%         4
 Hailstorm                Conj/Ice       0%         3d3       98%         4
 Iskenderun's Mystic Bla  Conj/Tloc      0%         2d3       98%         4
 Passage of Golubria      Tloc           0%         N/A       98%         4
 Alistair's Intoxication  Tmut/Pois      0%         N/A       100%        5
 Blade Hands              Tmut           0%         N/A       100%        5
 Borgnjor's Vile Clutch   Necr/Erth      0%         N/A       100%        5
 Silence                  Hex/Air        0%         N/A       100%        5
 Yara's Violent Unravell  Hex/Tmut       0%         3d3       100%        5
 Death Channel            Necr           0%         N/A       100%        6
 Dispersal                Tloc           0%         N/A       100%        6
 Starburst                Conj/Fire      0%         6d3       100%        6
 Enfeeble                 Hex            0%         N/A       100%        7
 Lehudib's Crystal Spear  Conj/Erth      0%         10d2      100%        8


Dungeon Overview and Level Annotations

Branches:
Dungeon (10/15)            Temple (0/1) D:5            Lair (4/6) D:9
  Swamp (0/4) Lair:2        Snake (0/4) Lair:3
    Orc: D:9-12

Altars:
Ashenzari
Fedhas
Sif Muna
Uskayaw
Xom
The Shining One
Beogh

Shops:
D:1 :   D:8 [

Annotations:
D:10 Urug


Innate Abilities, Weirdness & Mutations

You are completely covered in rugged brown scales. (AC +3, +7% HP)
You have supernaturally acute eyesight. (SInv)
Armour fits poorly on your strangely shaped body.
You can roll at nearby foes to attack.
You have a long armoured tail.
You curl defensively after being hit. (AC +7*)


Message History

The polar bear bites you!
The polar bear claws you but does no damage.
The polar bear misses you.
You are too injured to fight recklessly!
You are too injured to fight recklessly!
You hit the polar bear but do no damage.
The polar bear is severely wounded.
The polar bear closely misses you. x2; The polar bear barely misses you.
You bludgeon the polar bear!!
You kill the polar bear!
Lugonu accepts your kill.
You have reached level 13!
Okay, then.
Okay, then.
You sock the polar bear!
Your tail-slap misses the polar bear.
The polar bear is moderately wounded.
The polar bear bites you but does no damage.
The polar bear completely misses you. The polar bear barely misses you.
You hit the polar bear. You tail-slap the polar bear!
The polar bear is severely wounded.
You block the polar bear's attack.
The polar bear claws you but does no damage. x2
You closely miss the polar bear.
The polar bear is severely wounded.
The polar bear closely misses you. The polar bear barely misses you.
You block the polar bear's attack.
You hit the polar bear.
Your tail-slap misses the polar bear.
The polar bear is severely wounded.
The polar bear bites you! The polar bear closely misses you.
The polar bear barely misses you.
You impale the polar bear!!
You kill the polar bear!
Lugonu accepts your kill.
You thump the ice dragon!
The ice dragon is lightly wounded.
You sock the ice dragon!
The ice dragon is moderately wounded.
The ice dragon breathes frost at you. The blast of cold hits you!!!
You die...

#.#...P..#..# .....# #...
##..........# .... #...
............# ...# ##..
..^.......P## ##.. #...
P.........## #hD# #..
P........## #h# #..
..........# #†## #..
..........## ##D# ##.
...........# ##@## ##.
##......##.# ##.## ##.#
####.....### #...##
#.......#...
.###[...######....#
#......P##.#
........###.#.....####......P
#.P
##......PP##........##......
#.# #####......#......###
#....# ##..
###.........#.#...#
#....###..P
P#.......P##....#.###
#...#P....


You could see an ice dragon (catching breath).

Vanquished Creatures
  A boulder beetle (Lair:3)
  An oklob plant (Lair:3)
  11 elephants
  2 black mambas
  4 cane toads
  3 rime drakes
  A troll (D:10)
  3 polar bears (Lair:4)
  3 blink frogs (Lair:3)
  33 yaks
  2 wyverns
  A basilisk (D:9)
  2 steam dragons
  8 vampire mosquitoes
  2 swamp worms (Lair:2)
  16 water moccasins
  Edmund (D:5)
  2 hell hounds (Lair:3)
  3 black bears
  3 orc warriors
  A centaur (D:9)
  3 ogres
  A phantom (D:5)
  2 kobold brigands
  14 bullfrogs
  8 scorpions
  A necrophage (D:6)
  2 gnoll sergeants
  7 wights
  6 killer bees (D:6)
  2 howler monkeys
  An electric eel (Lair:2)
  4 hounds
  6 orc priests
  3 gnoll shamans
  2 jellies
  5 iguanas
  12 orc wizards
  6 adders
  18 gnolls
  2 shadow imps
  A white imp (D:6)
  A worm (D:3)
  3 dart slugs
  27 orcs
  5 ball pythons
  5 endoplasms
  2 giant cockroaches
  5 goblins
  6 hobgoblins
  4 jackals (D:3)
  11 kobolds
  A bat (D:2)
  3 frilled lizards
  3 rats
  A bush (Lair:3)
286 creatures vanquished.

Vanquished Creatures (others)
  Prince Ribbit (D:8)
  A water moccasin (D:7)
  A gnoll (D:8)
  12 fungi
  32 plants
47 creatures vanquished.

Grand Total: 333 creatures vanquished

Notes
Turn   | Place    | Note
-------+----------+-------------------------------------------
     0 | Abyss:1  | marklar909 the Palentonga Abyssal Knight began the quest
                  | for the Orb.
     0 | Abyss:1  | Reached XP level 1. HP: 19/19 MP: 2/2
    41 | D:1      | Escaped the Abyss
   317 | D:1      | Found Yzxolic's Book Emporium.
   318 | D:1      | Reached XP level 2. HP: 25/25 MP: 3/3
  1321 | D:2      | Found a faded altar of an unknown god.
  1345 | D:2      | Reached XP level 3. HP: 17/31 MP: 4/4
  1528 | D:2      | Reached *** piety under Lugonu
  2124 | D:3      | Reached skill level 3 in Maces & Flails
  2125 | D:3      | Found a blossoming altar of Fedhas.
  2748 | D:3      | Reached XP level 4. HP: 37/37 MP: 5/5
  2780 | D:3      | Reached skill level 1 in Dodging
  3220 | D:4      | Found a broken altar of Ashenzari.
  3271 | D:4      | Found a hide-covered altar of Uskayaw.
  3794 | D:4      | Noticed a scorpion
  3811 | D:4      | Killed a scorpion
  3812 | D:4      | Reached skill level 4 in Maces & Flails
  3812 | D:4      | Reached XP level 5. HP: 24/43 MP: 4/6
  4564 | D:4      | Noticed a black bear
  4592 | D:4      | Killed a black bear
  4593 | D:4      | Reached XP level 6. HP: 51/51 MP: 8/8
  4724 | D:4      | Reached skill level 5 in Maces & Flails
  5251 | D:5      | Entered Level 5 of the Dungeon
  5260 | D:5      | Noticed Edmund
  5278 | D:5      | Killed Edmund
  5279 | D:5      | Gained mutation: You curl defensively after being hit. (AC
                  | +7*) [Palentonga growth]
  5279 | D:5      | Reached XP level 7. HP: 52/58 MP: 9/9
  5777 | D:5      | Reached skill level 6 in Maces & Flails
  6051 | D:5      | Reached XP level 8. HP: 65/65 MP: 11/11
  6207 | D:5      | Found a staircase to the Ecumenical Temple.
  6396 | D:6      | Reached skill level 1 in Shields
  6396 | D:6      | Reached **** piety under Lugonu
  6400 | D:6      | Reached skill level 7 in Maces & Flails
  6429 | D:6      | Found a glowing golden altar of the Shining One.
  6791 | D:6      | Reached skill level 8 in Maces & Flails
  6797 | D:6      | Reached skill level 5 in Invocations
  6828 | D:6      | Reached XP level 9. HP: 38/71 MP: 12/12
  7527 | D:7      | Reached skill level 5 in Fighting
  8024 | D:7      | Reached skill level 9 in Maces & Flails
  8445 | D:7      | Noticed a deep elf pyromancer
  8808 | D:7      | Banished a deep elf pyromancer
  9224 | D:8      | Noticed Prince Ribbit
  9249 | D:8      | Killed Prince Ribbit
  9513 | D:7      | Reached XP level 10. HP: 66/81 MP: 15/15
 10389 | D:8      | Reached skill level 1 in Stealth
 10632 | D:8      | Found Wuqilogo's Antique Armour Shoppe.
 10745 | D:8      | Bought a shiny helmet for 187 gold pieces
 10892 | D:7      | Upgraded the game from 0.29-a0-664-gff9cad4a3d to
                  | 0.29-a0-700-g2f1814c7b2
 11306 | D:9      | Reached skill level 10 in Maces & Flails
 11531 | D:9      | Found a staircase to the Lair.
 12200 | D:10     | Entered Level 10 of the Dungeon
 12369 | D:10     | Noticed a two-headed ogre
 12380 | D:10     | Banished a two-headed ogre
 12629 | D:10     | Noticed Urug
 12930 | D:10     | Found a shimmering blue altar of Sif Muna.
 12932 | D:10     | Reached XP level 11. HP: 88/89 MP: 14/16
 13042 | D:10     | Reached skill level 11 in Maces & Flails
 13631 | Lair:1   | Entered Level 1 of the Lair of Beasts
 14451 | Lair:1   | Identified a scroll of acquirement
 14451 | Lair:1   | Acquired a +2 cloak of preservation
 14595 | Lair:2   | Noticed a bog body
 14603 | Lair:2   | Banished a bog body
 14706 | Lair:2   | Noticed a bog body
 14707 | Lair:2   | Banished a bog body
 14748 | Lair:2   | Noticed a bog body
 14752 | Lair:2   | Banished a bog body
 14762 | Lair:2   | Reached skill level 5 in Dodging
 14765 | Lair:2   | Found a staircase to the Swamp.
 15063 | Lair:2   | Noticed a boulder beetle
 15076 | Lair:2   | Banished a boulder beetle
 15077 | Lair:2   | Reached skill level 12 in Maces & Flails
 15665 | Lair:3   | Noticed an oklob plant
 15672 | Lair:3   | Noticed a boulder beetle
 15705 | Lair:3   | Killed a boulder beetle
 15876 | Lair:3   | Found a shimmering altar of Xom.
 15890 | Lair:3   | Found a staircase to the Snake Pit.
 15898 | Lair:3   | Reached skill level 5 in Shields
 15898 | Lair:3   | Reached XP level 12. HP: 99/100 MP: 18/18
 15979 | Lair:3   | Reached ***** piety under Lugonu
 16580 | Lair:3   | Noticed a five-headed hydra
 16913 | Lair:3   | Reached skill level 1 in Evocations
 16923 | Lair:3   | Identified the +3 tower shield of Dogmatism {Will+ Int+3
                  | Slay-3 Stlth+}
 17459 | Lair:3   | Reached skill level 13 in Maces & Flails
 17766 | Lair:3   | Learned a level 1 spell: Apportation
 17768 | Lair:3   | Learned a level 1 spell: Necrotize
 17772 | Lair:3   | Learned a level 3 spell: Confusing Touch
 17776 | Lair:3   | Learned a level 3 spell: Tukima's Dance
 18123 | Lair:4   | Noticed a five-headed hydra
 18358 | Lair:3   | Banished a five-headed hydra
 18683 | Lair:4   | Noticed an eight-headed hydra
 18710 | Lair:4   | Banished a five-headed hydra
 18717 | Lair:4   | Banished an eight-headed hydra
 18875 | Lair:4   | Reached skill level 10 in Invocations
 19263 | Lair:4   | Noticed an ice dragon
 19294 | Lair:4   | Reached XP level 13. HP: 53/109 MP: 20/20
 19301 | Lair:4   | Killed from afar by an ice dragon

Illustrated notes

Levels and vault maps discovered:
D:1:      amcnicky_arrival_wind_blow, layout_basic, serial_shops, shop
D:2:      layout_rooms, shapermc_ecumenical_altar_mp_urbaneastern
D:3:      layout_basic, lemuel_tele_altar, minmay_misc_feat_rows
D:4:      layout_loops_cross, nicolae_uskayaw_dance_hall, lemuel_round_altar,
          hangedman_abyss_or_decor_jellyfish_corner, kennysheep_orc_chapel
D:5:      layout_rooms, minmay_temple_entry_gardened_gates, serial_bayou_pond_c,
          uniq_edmund
D:6:      layout_rooms, mainiacjoe_overflow_paths, bh_walls_and_bars
D:7:      layout_loops_ring, minmay_manual_mandibuliform
D:8:      layout_rooms, serial_shops, nicolae_inconvenience_store,
          serial_park_tiny_pond, uniq_prince_ribbit1
D:9:      layout_irregular_city, david_lair_generic
D:10:     layout_basic, tgw_sif, serial_glass, glass_columns_a, glass_columns_b,
          uniq_urug
Lair:1:   layout_roguey
Lair:2:   layout_misc_corridors, nicolae_swamp_entry_splash_gauntlet,
          lemuel_fruit_fields, grunt_megastairs_3
Lair:3:   layout_cave_shapes, minmay_snake_entry_six_corridors, enter_volcano_3,
          basic_altar, minmay_lair_oklob_bushes
Lair:4:   layout_cave_pods, portal_ice_cave_entry_animals_and_master,
          lookout_lair_type, infiniplex_staircase_pool, uniq_snorg,
          uniq_nergalle

Skill      XL: |  1  2  3  4  5  6  7  8  9 10 11 12 |
---------------+-------------------------------------+-----
Armour         | 2 3 4 |  4.7
Maces & Flails | 3 4 5 6 8 9 10 12 13 | 13.6
Dodging        | 1 2 3 4 5 6 |  6.7
Fighting       | 4 6 7 8 9 |  9.7
Invocations    | 3 4 5 7 9 10 | 10.2
Shields        | 1 2 3 5 6 |  6.4
Stealth        | 1 2 3 |  3.6
Evocations     | 1 |  1.2

Action                   |  1- 3 |  4- 6 |  7- 9 | 10-12 | 13-15 || total
-------------------------+-------+-------+-------+-------+-------++-------
Melee: Mace              |   100 |   125 |       |       |       ||   225
       Tailslap          |     6 |    13 |    35 |   153 |     1 ||   208
       Morningstar       |       |     3 |       |   113 |     7 ||   123
       Flail             |       |       |   268 |   679 |       ||   947
Invok: Bend Space        |     4 |     4 |     7 |    24 |       ||    39
       Banish            |       |       |     2 |     9 |       ||    11
 Abil: Rolling Charge    |    22 |    18 |    33 |    66 |       ||   139
Evoke: Wand              |       |       |       |    11 |       ||    11
  Use: Scroll            |     4 |     6 |     6 |    11 |       ||    27
       Potion            |       |     1 |       |     1 |       ||     2
 Stab: Paralysed         |       |       |       |     8 |       ||     8
       Sleeping          |       |       |       |     1 |       ||     1
Armor: Leather armour    |    42 |    10 |       |       |       ||    52
       Ring mail         |       |    44 |   127 |       |       ||   171
       Steam dragon scal |       |       |       |   344 |     3 ||   347
Dodge: Dodged            |    39 |    48 |   104 |   374 |     6 ||   571
Block: Buckler           |    10 |    13 |    48 |   144 |     2 ||   217

Table legend: (Time is in decaauts)
 A = Elapsed time spent in this place.
 B = Non-inter-level travel time spent in this place.
 C = Inter-level travel time spent in this place.
 D = Time resting spent in this place.
 E = Time spent auto-exploring this place.
 F = Levels seen in this place.
 G = Mean time per level.
                   A        B        C        D        E       F      G
               +--------+--------+--------+--------+--------+-----+--------+
         Total |  19293 |  16130 |   3163 |   5155 |   8031 |  15 | 1286.2 |
       Dungeon |  13665 |  11007 |   2658 |   3175 |   5877 |  10 | 1366.5 |
          Lair |   5587 |   5083 |    504 |   1980 |   2153 |   4 | 1396.8 |
         Abyss |     41 |     41 |      0 |      0 |      0 |   1 |   41.0 |
               +--------+--------+--------+--------+--------+-----+--------+

Top non-repeatable levels by time:
  Lair:3: 2252 daAuts
     D:7: 2107 daAuts
     D:4: 1987 daAuts
  Lair:2: 1715 daAuts
     D:3: 1524 daAuts
    D:10: 1384 daAuts
     D:8: 1350 daAuts
     D:1: 1304 daAuts
     D:9: 1256 daAuts
     D:6: 1248 daAuts
  Lair:1: 830 daAuts
  Lair:4: 789 daAuts
     D:5: 762 daAuts
     D:2: 739 daAuts
 Abyss:1: 41 daAuts
